Map: Rainfall LE

Players

PiG

  • Race: Terran Terran
  • League: Master
  • Spawn Location: 5:00

A.I. 1 (Very Easy) - Winner!

  • Race: Protoss Protoss
  • Spawn Location: 11:00

VOD

https://www.youtube.com/watch?v=Gwt8_wOuU0w

Description

PiG TvP 8 worker beginner opening

Time

  • Played on: June 25, 2026, 1:21 a.m.
  • Length: 8:06
Show
View Real Time Build Order
Export as new Build Order

PiG Terran 

Build Orders: Reaper Expand 

Get SALT Encoding   

  8  0:00  SCV  
  9  0:13  SCV  
  10  0:25  SCV  
  11  0:28  Supply Depot  
  11  0:37  SCV  
  12  0:51  Barracks  
  12  0:58  Refinery  
  12  1:02  SCV  
  13  1:14  SCV  
  14  1:27  SCV  
  15  1:40  Reaper, Orbital Command  
  16  2:06  SCV  
  17  2:12  Marine  
  17  2:15  Command Center  
  18  2:18  SCV  
  19  2:25  Supply Depot  
  19  2:30  SCV  
  19  2:34  Barracks Reactor  
  20  2:42  SCV  
  21  2:54  Factory, SCV  
  22  2:59  Refinery  
  22  3:06  SCV  
  22  3:10  Marine x2  
  25  3:19  SCV  
  26  3:27  Orbital Command  
  26  3:29  Marine x2  
  26  3:31  SCV  
  29  3:40  Starport  
  29  3:41  Widow Mine  
  31  3:43  SCV  
  32  3:51  Marine x2  
  32  3:53  SCV  
  32  3:55  SCV  
  36  3:58  Bunker  
  36  4:05  Widow Mine, SCV  
  36  4:07  SCV  
  40  4:10  Supply Depot  
  41  4:17  Medivac  
  41  4:23  Supply Depot  
  42  4:28  Factory Tech Lab  
  42  4:31  Marine x2, SCV x2  
  42  4:33  Supply Depot  
  46  4:43  SCV x2  
  48  4:48  Barracks  
  48  4:49  Barracks  
  48  4:52  Siege Tank  
  51  4:55  Starport Tech Lab  
  51  4:56  SCV, Marine  
  53  5:05  SCV  
  54  5:08  SCV  
  54  5:09  Marine  
  54  5:11  Supply Depot  
  56  5:17  SCV  
  56  5:20  SCV  
  58  5:25  Marine  
  58  5:26  Marine  
  60  5:29  SCV  
  60  5:32  SCV  
  60  5:40  Engineering Bay  
  60  5:41  Refinery, SCV  
  60  5:42  Raven  
  63  5:43  Barracks Tech Lab  
  63  5:44  SCV  
  63  5:48  Refinery  
  64  5:50  Stimpack  
  64  5:51  Marine x3  
  64  5:53  SCV  
  64  5:55  Supply Depot  
  64  5:56  SCV  
  69  6:04  Factory Reactor  
  69  6:05  Terran Infantry Weapons Level 1, SCV  
  69  6:07  Combat Shield  
  69  6:08  Marauder  
  69  6:09  Marine x2  
  74  6:18  Supply Depot  
  74  6:21  Marauder, Supply Depot  
  76  6:29  Marauder  
  76  6:30  Marine  
  79  6:42  Supply Depot, Marauder  
  79  6:44  Supply Depot  
  79  6:46  Medivac x2  
  85  6:53  Marine x2, Marauder  
  89  6:57  Factory Reactor  
  89  7:03  Marine, Barracks  
  89  7:05  Supply Depot, Barracks  
  90  7:09  Supply Depot  
  90  7:11  Marine  
  90  7:14  Marine  
  90  7:15  Marauder  
  94  7:21  Marauder  
  96  7:26  Medivac x2  
  96  7:29  Marine  
  101  7:36  Supply Depot  
  100  7:37  Supply Depot  
Show
View Real Time Build Order
Export as new Build Order

A.I. 1 (Very Easy) Protoss - Winner!

Build Orders:  

Get SALT Encoding   

  8  0:00  Probe  
  9  0:13  Probe  
  10  0:25  Probe  
  11  0:37  Probe  
  12  0:47  Pylon  
  12  0:49  Probe  
  13  1:01  Probe  
  13  1:05  Assimilator  
  14  1:12  Gateway  
  14  1:15  Pylon  
  14  1:45  Assimilator  
  14  1:57  Probe  
  14  2:01  Zealot, Cybernetics Core  
  17  2:05  Probe  
  17  2:13  Probe  
  19  2:25  Probe  
  20  2:31  Pylon  
  20  2:37  Probe  
  21  2:38  Warp Gate  
  21  2:49  Probe  
  21  3:00  Probe  
  22  3:13  Stalker  
  24  5:19  Probe  
  24  5:28  Probe  
  15  5:38  Probe  
  16  5:51  Probe  
  17  6:03  Probe  
  18  6:13  Probe  
  19  6:21  Probe  
  20  6:29  Probe  
  21  6:41  Probe  
  22  6:53  Probe  
  23  7:05  Probe  
  24  7:16  Adept  
  24  7:17  Probe  
  24  7:18  Robotics Facility  
  27  7:23  Nexus  
  27  7:27  Probe  
  28  7:35  Probe  
  28  7:36  Pylon  
  28  7:44  Probe  
Tags
 
League
Master
Matchup
PvT
Player
PiG
Spawn Locations
Cross Positions
Add a new tag
Caveats
  • Supply blocks, unpowered buildings, or Contaminate may cause inaccurate times.
  • Supply counts are checked every 10 seconds.